 Dungeon Crawl Stone Soup version 0.30.1 (webtiles) character file.

Game seed: 4106863555041356516

246555 zamzamzam the Peltast (level 20, -9/156 HPs)
             Began as a Human Fighter on July 5, 2023.
             Was an Initiate of Yredelemnul.
             Mangled by an Ice Fiend (15 damage)
             ... summoned by a dread lich
             ... while paralysed by a dread lich
             ... on level 3 of the Abyss on July 10, 2023.
             The game lasted 03:15:39 (37084 turns).

zamzamzam the Peltast (Human Fighter)              Turns: 37084, Time: 03:15:40

Health: -9/156     AC: 23    Str: 17    XL:     20   Next: 29%
Magic:  29/29      EV:  2    Int: 15    God:    Yredelemnul [......]
Gold:   1773       SH:  0    Dex: 30    Spells: 19/19 levels left

rFire   . . .        a - +12 long sword of Puhi Beco {freeze, Int+8}
rCold   + . .        c - +1 kite shield {reflect}
rNeg    + . .        d - +0 swamp dragon scales
rPois   +            A - +0 helmet "Poptax" {Dex+7}
rElec   .            z - scarf {repulsion}
rCorr   .            K - +2 pair of gloves
SInv    +            u - +2 pair of boots
Will    +....        X - amulet of reflection
Stlth   ++           y - ring "Elleac" {rPois EV+5 SInv}
HPRegen 0.46/turn    H - ring of Xoixupla {rC+ rN+ AC+4 Dex+2}
MPRegen 0.21/turn

%: repel missiles, reflection
@: paralysed, studying Ice Magic
A: dopey 1
}: 2/15 runes: decaying, serpentine
a: Renounce Religion, Recall Undead Harvest


You were on level 3 of the Abyss.
You worshipped Yredelemnul.
Yredelemnul was pleased with you.
You visited 7 branches of the dungeon, and saw 30 of its levels.
You visited the Abyss 1 time.
You also visited: Sewer, Bailey and Ice Cave.

You collected 3896 gold pieces.
You spent 2123 gold pieces at shops.

Inventory:

Hand Weapons
 a - the +12 long sword of Puhi Beco (weapon) {freeze, Int+8}
   (You found it on level 8 of the Dungeon)

   Int:       It affects your intelligence (+8).
 s - a +2 scimitar of flaming
Missiles
 D - 6 throwing nets
Armour
 b - the +0 buckler "Zoekuud" {+Inv rF- rC+}
   (You acquired it on level 8 of the Dungeon)

   rF:        It makes you vulnerable to fire.
   rC:        It protects you from cold.
   +Inv:      It lets you turn invisible.
 c - a +1 kite shield of reflection (worn)
 d - +0 swamp dragon scales (worn)
 u - a +2 pair of boots (worn)
 z - a scarf of repulsion (worn)
 A - the +0 helmet "Poptax" (worn) {Dex+7}
   (You bought it in a shop on level 3 of the Snake Pit)

   Dex:       It affects your dexterity (+7).
 K - a +2 pair of gloves (worn)
Magical Staves
 O - a staff of air {The great treasure of the Bailey}
Jewellery
 y - the ring "Elleac" (left hand) {rPois EV+5 SInv}
   (You bought it in a shop on level 2 of the Orcish Mines)

   [ring of evasion]

   EV:        It affects your evasion (+5).
   rPois:     It protects you from poison.
   SInv:      It lets you see invisible.
 B - an amulet of magic regeneration
 H - the ring of Xoixupla (right hand) {rC+ rN+ AC+4 Dex+2}
   (You bought it in a shop on level 2 of the Orcish Mines)

   [ring of protection]

   AC:        It affects your AC (+4).
   Dex:       It affects your dexterity (+2).
   rC:        It protects you from cold.
   rN:        It protects you from negative energy.
 I - a ring of see invisible
 T - a +6 ring of intelligence
 X - an amulet of reflection (around neck)
Wands
 i - a wand of mindburst (7)
 r - a wand of digging (12)
 x - a wand of charming (10)
 J - a wand of flame (23)
 N - a wand of polymorph (8)
 R - a wand of roots (19)
 W - a wand of light (9)
Scrolls
 g - 10 scrolls of teleportation
 k - 5 scrolls of brand weapon
 l - 2 scrolls of enchant weapon
 q - 4 scrolls of fear
 C - 4 scrolls of amnesia
 M - 5 scrolls of fog
 P - 5 scrolls of butterflies
 Q - 10 scrolls of identify
 U - 2 scrolls of silence
 V - 5 scrolls of magic mapping
 Y - a scroll of enchant armour
Potions
 f - 3 potions of cancellation
 h - a potion of invisibility {unknown}
 j - 3 potions of flight {unknown}
 m - 4 potions of attraction
 n - 4 potions of mutation
 o - 5 potions of ambrosia
 p - 5 potions of berserk rage
 t - 3 potions of resistance {unknown}
 w - 4 potions of might
 E - 6 potions of haste
 F - 6 potions of lignification
 G - 6 potions of curing
 L - 5 potions of brilliance {unknown}
 S - 4 potions of degeneration {unknown}
Miscellaneous
 Z - a phantom mirror (quivered)


   Skills:
 + Level 13.3 Fighting
 - Level 14.0 Long Blades
 + Level 11.2 Armour
 + Level 14.9 Dodging
 - Level 18.0 Shields
 - Level 13.1 Invocations
 - Level 10.8 Evocations


You had 19 spell levels left.
You didn't know any spells.
Your spell library contained the following spells:

 Spells                   Type           Power      Damage    Failure   Level
 Apportation              Tloc           0%         N/A       54%         1
 Beastly Appendage        Tmut           0%         N/A       54%         1
 Foxfire                  Conj/Fire      0%         2x1d4     54%         1
 Magic Dart               Conj           0%         1d3       54%         1
 Necrotise                Necr           0%         1d4       54%         1
 Sandblast                Erth           0%         2d4       54%         1
 Shock                    Conj/Air       0%         1d3       54%         1
 Slow                     Hex            0%         N/A       54%         1
 Passwall                 Tmut/Erth      0%         N/A       67%         2
 Searing Ray              Conj           0%         2d4       67%         2
 Sublimation of Blood     Necr           0%         N/A       67%         2
 Wereblood                Tmut           0%         N/A       67%         2
 Confusing Touch          Hex            0%         N/A       88%         3
 Hailstorm                Conj/Ice       0%         3d3       88%         3
 Inner Flame              Hex/Fire       0%         N/A       88%         3
 Spider Form              Tmut/Pois      0%         N/A       88%         3
 Stone Arrow              Conj/Erth      0%         3d7       88%         3
 Swiftness                Air            0%         N/A       88%         3
 Vampiric Draining        Necr           0%         2d6       88%         3
 Vhi's Electric Charge    Tloc/Air       0%         N/A       88%         3
 Airstrike                Air            0%         2d(0-16)  99%         4
 Flame Wave               Conj/Fire      0%         2d4       99%         4
 Fulminant Prism          Conj/Hex       0%         3d5       99%         4
 Ice Form                 Ice/Tmut       0%         N/A       99%         4
 Passage of Golubria      Tloc           0%         N/A       99%         4
 Petrify                  Tmut/Erth      0%         N/A       99%         4
 Sticky Flame             Conj/Fire      0%         2d3       99%         4
 Alistair's Intoxication  Tmut/Pois      0%         N/A       100%        5
 Arcjolt                  Conj/Air       0%         1d10      100%        5
 Borgnjor's Vile Clutch   Necr/Erth      0%         N/A       100%        5
 Metabolic Englaciation   Hex/Ice        0%         N/A       100%        5
 Silence                  Hex/Air        0%         N/A       100%        5
 Eringya's Noxious Bog    Tmut/Pois      0%         N/A       100%        6
 Statue Form              Tmut/Erth      0%         N/A       100%        6
 Summon Hydra             Summ           0%         N/A       100%        7
 Borgnjor's Revivificati  Necr           0%         N/A       100%        8
 Lehudib's Crystal Spear  Conj/Erth      0%         10d2      100%        8
 Maxwell's Capacitive Co  Air            0%         ∞         100%        8
 Necromutation            Tmut/Necr      0%         N/A       100%        8
 Death's Door             Necr           0%         N/A       100%        9
 Simulacrum               Ice/Necr       Unusable   N/A       N/A         6

Dungeon Overview and Level Annotations

Branches:
Dungeon (11/15)            Temple (1/1) D:5            Lair (5/5) D:11
  Swamp (4/4) Lair:2        Snake (4/4) Lair:2        Slime (0/5) Lair:5
    Orc (2/2) D:9             Elf (3/3) Orc:2         Sewer (visited)
 Bailey (visited)           IceCv (visited)

Altars:
Ashenzari
Cheibriados
Dithmenos
Elyvilon
Fedhas
Gozag
Hepliaklqana
Kikubaaqudgha
Makhleb
Nemelex Xobeh
Okawaru
Qazlal
Ru
Sif Muna
Trog
Uskayaw
Vehumet
Wu Jian
Xom
Yredelemnul
Zin
The Shining One
Jiyva

Shops:
Orc:2 =!=*(([   Snake:3 ([=:=*

Annotations:
D:4 exclusions: 2 doors and 2 more exclusions
D:10 2 transporters, grothendieck's ghost, journeyman MiFi


Innate Abilities, Weirdness & Mutations

You are dopey. (Int -2)


Message History

Your spectral ufetubus barely misses the dread lich.
The Ice Fiend gestures at you.
The bolt of cold hits your kobold zombie!
Your kobold zombie resists.
Your kobold zombie is destroyed!
The bolt of cold misses you. You block the dread lich's attack.
You slash the dread lich!
The dread lich is moderately damaged.
Your spectral ufetubus hits the dread lich but does no damage.
Your spectral ufetubus barely misses the dread lich.
You block the dread lich's attack.
Your spectral ufetubus hits the dread lich but does no damage. x2
Unknown command.
You slash the dread lich!
The dread lich is heavily damaged.
The dread lich points at you and mumbles some strange words.
You suddenly lose the ability to move!
Your spectral ufetubus hits the dread lich but does no damage.
Your spectral ufetubus closely misses the dread lich.
The dread lich touches you but does no damage.
Your spectral ufetubus closely misses the dread lich.
Your spectral ufetubus barely misses the dread lich.
The Ice Fiend claws you! The Ice Fiend freezes you!! You resist.
* * * LOW HITPOINT WARNING * * *
The Ice Fiend claws you.
* * * LOW HITPOINT WARNING * * *
The Ice Fiend freezes you! You resist.
* * * LOW HITPOINT WARNING * * *
The dread lich touches you but does no damage.
Your spectral ufetubus hits the dread lich but does no damage.
Your spectral ufetubus closely misses the dread lich.
The Ice Fiend calls on the powers of darkness!
Your body is wracked with pain!
* * * LOW HITPOINT WARNING * * *
The dread lich points at you and mumbles some strange words.
You barely resist. The Ice Fiend claws you.
* * * LOW HITPOINT WARNING * * *
The Ice Fiend freezes you! You resist.
You die...
Your body rises from the dead as a mindless zombie.

#..#.# .... . ##
#....# ## ..# ...
.#. #.. . #
###.....#.# . ..##
....#.#.# .. .. ##
#.....# #...
.##.####@#..# .
......#..)1)1L.# ##
# .#...)##2Z..#
.#..#.#..##..##..##
.# #.... .Z.####.
.# ..... .x....# ##
... .... .. #. #
..#....#..#. # . §
..# ##.#.


You could see a dread lich (fast, invisible, ally target), 2 Ice Fiends, a green
death (summoned) and a friendly spectral ufetubus.

Vanquished Creatures
  Mara (Snake:4)
  Nikola (Snake:3)
  Rupert (Lair:3)
  2 deep elf master archers (Elf:3)
  A quicksilver dragon (Snake:4)
  2 thorn hunters
  Frances (Swamp:1)
  2 nagarajas
  A deep elf sorcerer (Elf:3)
  An orc warlord (Bailey)
  2 ghouls
  3 eleionomae
  2 deep elf demonologists
  3 deep elf annihilators
  3 bunyips
  A deep elf death mage (Elf:3)
  A fire dragon (Elf:1)
  5 deep elf high priests
  Harold (D:9)
  12 hydras
  8 anacondas
  An ice dragon (Elf:1)
  2 salamander tyrants
  Erica (D:10)
  A ghost crab (Lair:2)
  3 boulder beetles
  22 dancing weapons
  A centaur warrior (D:8)
  An alligator (Swamp:3)
  7 two-headed ogres
  3 naga warriors
  A tengu warrior (D:11)
  4 shock serpents
  Urug (Lair:1)
  An orc high priest (Elf:2)
  7 naga sharpshooters
  13 deep elf knights
  2 skysharks (Lair:4)
  3 salamander mystics
  A large abomination (Abyss:3)
  The ghost of AIAndy the Skirmisher, a novice BaHu of Cheibriados (D:6)
  2 spriggan riders
  A spriggan druid (Swamp:4)
  A bog body (IceCv)
  2 naga ritualists
  8 deep elf archers
  A spectral hydra (Lair:2)
  17 deep elf zephyrmancers
  Pikel (D:8)
  5 swamp dragons
  21 deep elf pyromancers
  3 orc sorcerers (Orc:1)
  2 orc knights
  A necromancer (IceCv)
  2 mana vipers
  8 salamanders
  A will-o-the-wisp (Swamp:2)
  14 elephants
  3 guardian serpents
  Joseph (D:9)
  2 ice statues (IceCv)
  7 naga magi
  26 black mambas
  6 cane toads
  5 torpor snails (Lair:5)
  7 ice devils (IceCv)
  3 rime drakes
  5 komodo dragons
  3 kobold demonologists (Abyss:3)
  2 anaconda simulacra (IceCv)
  A freezing wraith (D:11)
  6 polar bears
  5 trolls
  A hornet (shapeshifter) (Elf:1)
  A meliai (D:8)
  8 tyrant leeches
  5 dream sheep (Lair:4)
  8 blink frogs (Lair:5)
  7 hornets
  4 raiju (Lair:5)
  4 water elementals
  2 air elementals
  A shadow (D:9)
  2 dire elephant simulacra (IceCv)
  A spriggan (Swamp:4)
  3 basilisks
  2 wyverns
  4 wraiths
  29 yaks
  A fire elemental (Elf:2)
  A death yak simulacrum (IceCv)
  3 vampire mosquitoes (D:11)
  4 wargs
  3 harpy simulacra (IceCv)
  A two-headed ogre zombie (D:9)
  4 swamp worms
  3 hydra simulacra (IceCv)
  2 acid dragons
  18 nagas
  11 hell hounds (Lair:5)
  Duvessa (D:4)
  8 water moccasins
  4 ice beasts (D:11)
  5 swamp drakes
  36 orc warriors
  A spectral yak (Lair:2)
  A sky beast (D:8)
  8 black bears
  A spectral blink frog (Lair:2)
  4 boggarts (D:11)
  2 ogres
  A spectral rime drake (Lair:2)
  18 wolves
  15 centaurs
  A tengu (D:8)
  A lemure (D:8)
  2 phantoms
  5 kobold brigands
  11 bullfrogs
  3 earth elementals
  A necrophage (Swamp:4)
  2 scorpions
  3 gnoll sergeants
  A cane toad simulacrum (IceCv)
  Dowan (D:4)
  10 killer bees (D:10)
  A troll zombie (D:9)
  5 howler monkeys
  4 hounds
  3 gnoll boudas
  A jelly (D:7)
  4 quasits (D:6)
  6 orc priests
  3 iguanas
  6 sleepcaps
  A hell rat (Sewer)
  17 orc wizards
  A troll simulacrum (IceCv)
  5 ogre zombies (D:9)
  28 gnolls
  2 river rats (Sewer)
  13 adders
  5 shadow imps
  2 white imps
  An ufetubus (D:5)
  A worm (D:5)
  2 dart slugs
  60 orcs
  2 bats
  4 endoplasms
  13 goblins
  17 hobgoblins
  23 kobolds
  3 quokkas
  5 ball pythons
  2 frilled lizards
  6 giant cockroaches
  3 goblin skeletons (D:9)
  A goblin zombie (D:9)
  4 hobgoblin skeletons (D:9)
  2 hobgoblin zombies (D:9)
  An orc skeleton (D:9)
  10 orc zombies (D:9)
  7 rats
855 creatures vanquished.

Vanquished Creatures (collateral kills)
  2 thorn hunters
  A shadow dragon (Elf:1)
  A nagaraja (Snake:4)
  A fenstrider witch (Swamp:4)
  3 ghouls
  A deep elf elementalist (Elf:3)
  A deep elf demonologist (Elf:3)
  3 eleionomae
  A bunyip (Swamp:1)
  The ghost of Soymeromol the Agnostic, a journeyman HOFi (D:11)
  Josephine (Swamp:1)
  An ice dragon (Lair:5)
  A spriggan air mage (Swamp:3)
  10 hydras
  2 ghost crabs
  2 alligators (Swamp:3)
  4 dancing weapons (Elf:2)
  2 naga warriors
  2 spriggan berserkers (Swamp:3)
  2 naga sharpshooters
  3 deep elf knights
  2 spriggan druids
  2 spriggan riders
  2 goliath frogs
  4 swamp dragons
  7 deep elf archers
  A lindwurm (Lair:5)
  4 bog bodies
  4 deep elf pyromancers
  4 deep elf zephyrmancers
  An orc sorcerer (Elf:1)
  2 will-o-the-wisps
  A cyclops (D:11)
  A salamander (Snake:1)
  2 naga magi (Snake:3)
  7 elephants
  2 guardian serpents
  7 black mambas
  2 torpor snails
  A rime drake (Lair:5)
  An ice devil (IceCv)
  A komodo dragon (Lair:2)
  6 polar bears (Lair:5)
  7 tyrant leeches
  A raiju (Lair:5)
  A blink frog (Lair:5)
  3 hornets
  2 air elementals (Elf:2)
  2 wraiths (Swamp:1)
  A basilisk (Lair:4)
  16 yaks
  2 wargs (Lair:5)
  7 swamp worms
  5 nagas
  3 water moccasins
  A hell hound (Lair:5)
  7 swamp drakes
  3 orc warriors
  5 black bears (Lair:5)
  6 wolves
  A lemure (D:8)
  2 centaurs
  A spectral wyvern (Lair:2)
  A necrophage (Swamp:4)
  2 killer bees (D:10)
  A hound (D:5)
  3 orc priests (Elf:1)
  An iguana (D:6)
  An ogre zombie (D:9)
  3 gnolls
  A dart slug (D:5)
  10 orcs
  2 hobgoblins (Bailey)
  A hobgoblin zombie (D:9)
  A kobold (D:9)
  An orc skeleton (D:9)
  2 orc zombies (D:9)
215 creatures vanquished.

Vanquished Creatures (others)
  A deep elf demonologist (Elf:3)
  A spectral quicksilver dragon (Elf:1)
  A deep elf annihilator (Elf:3)
  A spectral iron dragon (Elf:2)
  An anaconda zombie (Snake:3)
  2 bunyip zombies
  A deep elf pyromancer (Elf:2)
  A rime drake (Lair:5)
  A swamp worm zombie (Swamp:3)
  A hydra zombie (Swamp:1)
  A mana viper zombie (Snake:3)
  An alligator zombie (Swamp:3)
  A boulder beetle zombie (Lair:5)
  7 black mamba zombies
  A water elemental (Elf:1)
  37 elf zombies
  2 tyrant leech zombies (Lair:5)
  A two-headed ogre zombie (D:11)
  A skyshark zombie (Lair:4)
  A naga (Snake:4)
  2 cane toad zombies (Lair:1)
  4 hornet zombies
  A lindwurm zombie (Lair:5)
  2 swamp dragon zombies
  6 blink frog zombies (Lair:5)
  A boggart (D:11)
  11 elephant zombies (Lair:5)
  3 torpor snail zombies (Lair:5)
  2 rime drake zombies (Lair:5)
  A salamander zombie (Snake:2)
  A komodo dragon zombie (Lair:4)
  3 hell hound zombies (Lair:5)
  A cyclops zombie (D:11)
  A wyvern zombie (D:9)
  A water moccasin zombie (Lair:5)
  A troll zombie (Orc:2)
  A warg zombie (Orc:2)
  11 yak zombies
  3 polar bear zombies
  2 raiju zombies (Lair:5)
  3 wolf zombies
  A bullfrog zombie (Lair:3)
  6 centaur zombies
  3 human zombies
  6 black bear zombies (Lair:5)
  A spectral orc (Bailey)
  2 boggart zombies (D:11)
  6 naga zombies
  2 ice beast zombies (D:11)
  An ogre zombie (Elf:2)
  An acid dragon zombie (D:11)
  A tengu zombie (D:8)
  3 howler monkey zombies (D:9)
  An ufetubus (Abyss:3)
  3 adder zombies (D:5)
  8 gnoll zombies
  2 iguana zombies
  An orc (Elf:1)
  A dart slug zombie (D:5)
  3 goblin zombies (Bailey)
  3 hobgoblin zombies (Bailey)
  9 kobold zombies
  53 orc zombies
  A quokka zombie (D:5)
  6 foxfires
249 creatures vanquished.

Grand Total: 1319 creatures vanquished

Notes
Turn   | Place    | Note
-------+----------+-------------------------------------------
     0 | D:1      | zamzamzam the Human Fighter began the quest for the Orb.
     0 | D:1      | Reached XP level 1. HP: 18/18 MP: 1/1
    81 | D:1      | Found a faded altar of an unknown god.
   141 | D:1      | Reached XP level 2. HP: 24/24 MP: 2/2
   510 | D:2      | Reached XP level 3. HP: 29/29 MP: 3/3
  1225 | D:3      | Reached XP level 4. HP: 24/35 MP: 4/4
  1799 | D:3      | Found a white marble altar of Elyvilon.
  2057 | D:3      | Reached XP level 5. HP: 40/41 MP: 5/5
  2482 | D:3      | Reached XP level 6. HP: 41/48 MP: 6/6
  2758 | D:3      | Found a white marble altar of Elyvilon.
  3721 | D:4      | Reached skill level 5 in Long Blades
  3809 | D:4      | Reached XP level 7. HP: 32/55 MP: 7/7
  3894 | D:4      | Noticed Dowan
  4154 | D:4      | Found a hazy altar of Hepliaklqana.
  4665 | D:5      | Entered Level 5 of the Dungeon
  4831 | D:5      | Found a glowing drain.
  4843 | Sewer    | Entered a sewer
  5216 | D:5      | Found a staircase to the Ecumenical Temple.
  5225 | Temple   | Entered the Ecumenical Temple
  5282 | Temple   | Became a worshipper of Yredelemnul the Dark
  5410 | D:5      | Reached skill level 5 in Fighting
  5532 | D:5      | Reached XP level 8. HP: 58/62 MP: 8/8
  5534 | D:5      | Reached * piety under Yredelemnul
  6715 | D:4      | Killed Dowan
  6801 | D:4      | Found a shimmering blue altar of Sif Muna.
  6804 | D:4      | Noticed Duvessa
  6819 | D:4      | Killed Duvessa
  6966 | D:4      | Got Sif Muna's Verses on Fiery Sinister Acts
  6971 | D:4      | Found a bloodstained altar of Trog.
  7071 | D:6      | Found a transporter.
  7471 | D:6      | Reached skill level 5 in Armour
  7471 | D:6      | Reached XP level 9. HP: 37/68 MP: 9/9
  7699 | D:6      | Noticed AIAndy's ghost (novice BaHu)
  7709 | D:6      | Found a transporter.
  8527 | D:7      | Found a glowing golden altar of the Shining One.
  8536 | D:7      | Reached skill level 10 in Long Blades
  8633 | D:7      | Found a stormy altar of Qazlal.
  8634 | D:7      | Found a sparkling altar of Nemelex Xobeh.
  8635 | D:7      | Found a sacrificial altar of Ru.
  8636 | D:7      | Found a blossoming altar of Fedhas.
  8637 | D:7      | Found a broken altar of Ashenzari.
  9165 | D:7      | Identified the +0 chain mail of the Trees {rF+ Int-5
                  | Stlth+}
  9204 | D:7      | Reached skill level 1 in Dodging
  9447 | D:8      | Noticed a centaur warrior
  9504 | D:8      | Noticed Maggie
  9505 | D:8      | Maggie changed into Maggie the tengu
  9505 | D:8      | Noticed Maggie
  9521 | D:8      | Killed Maggie the tengu
  9564 | D:8      | Noticed Pikel
  9596 | D:8      | Killed Pikel
  9647 | D:8      | Reached ** piety under Yredelemnul
  9654 | D:8      | Your ally Maggie died
  9672 | D:8      | Reached XP level 10. HP: 70/74 MP: 10/10
  9703 | D:8      | Identified the +12 long sword of Puhi Beco {freeze, Int+8}
  9897 | D:8      | Your ally Pikel died
  9905 | D:9      | Noticed Joseph
  9981 | D:9      | Killed Joseph
  9984 | D:9      | Noticed a kobold demonologist
 10003 | D:9      | Your ally Joseph died
 10006 | D:9      | a kobold demonologist changed into a meliai
 10312 | D:8      | Killed a centaur warrior
 10313 | D:8      | Reached skill level 5 in Dodging
 10518 | D:8      | Identified a scroll of acquirement
 10518 | D:8      | Acquired the +0 buckler "Zoekuud" {+Inv rF- rC+}
 10666 | D:9      | Found a burning altar of Makhleb.
 10716 | D:9      | Noticed a two-headed ogre
 10724 | D:9      | Killed a two-headed ogre
 10725 | D:9      | Noticed Harold
 10993 | D:9      | Reached XP level 11. HP: 78/79 MP: 11/11
 11137 | D:9      | Found a staircase to the Orcish Mines.
 11166 | D:9      | Killed Harold
 11700 | D:10     | Entered Level 10 of the Dungeon
 11708 | D:10     | Noticed Erica
 11716 | D:10     | Killed Erica
 11739 | D:10     | Your ally Erica died
 11788 | D:10     | Found a flagged portal.
 11788 | D:10     | Noticed a two-headed ogre
 11794 | D:10     | Killed a two-headed ogre
 11794 | D:10     | Reached *** piety under Yredelemnul
 11800 | Bailey   | Entered a bailey
 12071 | Bailey   | Noticed an orc knight
 12089 | Bailey   | Killed an orc knight
 12242 | Bailey   | Noticed an orc warlord
 12482 | Bailey   | Killed an orc warlord
 12700 | D:10     | Noticed a two-headed ogre
 12707 | D:10     | Killed a two-headed ogre
 12708 | D:10     | Reached XP level 12. HP: 84/92 MP: 12/12
 12846 | D:10     | Found a transporter.
 12847 | D:10     | Reached **** piety under Yredelemnul
 12919 | D:10     | Found a transporter.
 12920 | D:10     | Noticed grothendieck's ghost (journeyman MiFi)
 13338 | D:6      | Killed AIAndy's ghost
 13525 | D:11     | Found a transporter.
 13661 | D:11     | Reached skill level 6 in Shields
 13661 | D:11     | Reached skill level 5 in Evocations
 13661 | D:11     | Reached XP level 13. HP: 72/98 MP: 13/13
 13694 | D:11     | Reached skill level 7 in Shields
 13743 | D:11     | Found a staircase to the Lair.
 13749 | D:11     | Reached skill level 8 in Shields
 13970 | D:11     | Noticed Soymeromol's ghost (journeyman HOFi)
 13974 | D:11     | Found a bloodstained altar of Trog.
 13981 | D:11     | Found a transporter.
 14310 | D:11     | Noticed a centaur warrior
 15132 | Orc:1    | Entered Level 1 of the Orcish Mines
 15193 | Lair:1   | Entered Level 1 of the Lair of Beasts
 15792 | Lair:1   | Noticed Urug
 15805 | Lair:1   | Killed Urug
 16021 | Lair:1   | Reached ***** piety under Yredelemnul
 16318 | Lair:2   | Reached XP level 14. HP: 103/106 MP: 14/14
 16433 | Lair:2   | Found a staircase to the Snake Pit.
 16605 | Lair:2   | Reached ****** piety under Yredelemnul
 16637 | Lair:2   | Found a staircase to the Swamp.
 16705 | Lair:2   | Identified the +4 dagger of Erisefa {speed, Str+4}
 17850 | D:11     | Killed Soymeromol's ghost
 18460 | Lair:3   | Noticed Rupert
 18473 | Lair:3   | Killed Rupert
 18474 | Lair:3   | Reached skill level 10 in Fighting
 18592 | Lair:3   | Reached skill level 10 in Dodging
 19109 | Lair:4   | Identified the +1 flail "Beviowk" {spect, rC+}
 19400 | Lair:4   | Reached skill level 10 in Armour
 20139 | Lair:5   | Entered Level 5 of the Lair of Beasts
 20157 | Lair:5   | Found a frozen archway.
 20166 | IceCv    | Entered an ice cave
 20493 | IceCv    | Reached XP level 15. HP: 89/109 MP: 15/15
 21428 | Lair:5   | Identified the +8 sling of the Sharing Visionary {flame,
                  | rC++ Str-3}
 21445 | Lair:5   | Found a viscous altar of Jiyva.
 21449 | Lair:5   | Found a staircase to the Slime Pits.
 21593 | Lair:5   | Found a runed translucent door.
 21879 | Lair:5   | Reached skill level 10 in Evocations
 22428 | Lair:5   | Reached XP level 16. HP: 68/127 MP: 16/16
 23411 | Orc:2    | Entered Level 2 of the Orcish Mines
 23423 | Orc:2    | Found Nediun Liri's Armour Boutique.
 23477 | Orc:2    | Found a staircase to the Elven Halls.
 23614 | Orc:2    | Found Ateet's Jewellery Shop.
 23614 | Orc:2    | Found Fimnacam's General Store.
 23622 | Orc:2    | Found Neddol's Antique Weapon Emporium.
 23624 | Orc:2    | Found Uniedwav's Distillery.
 23699 | Orc:2    | Found Ycraagu's Antique Weapon Emporium.
 23783 | Orc:2    | Bought a potion of heal wounds for 70 gold pieces
 23784 | Orc:2    | Bought the ring "Elleac" {rPois EV+5 SInv} for 771 gold
                  | pieces
 23788 | Orc:2    | Bought a potion of curing for 42 gold pieces
 23788 | Orc:2    | Bought a potion of heal wounds for 70 gold pieces
 23788 | Orc:2    | Bought a potion of curing for 42 gold pieces
 23807 | Orc:2    | Found Lafrimell's Jewellery Shop.
 23833 | Orc:2    | Bought the ring of Xoixupla {rC+ rN+ AC+4 Dex+2} for 642
                  | gold pieces
 24771 | Snake:1  | Entered Level 1 of the Snake Pit
 25952 | Snake:2  | Reached skill level 1 in Invocations
 26568 | Snake:2  | Reached skill level 5 in Invocations
 26681 | Snake:2  | Noticed a nagaraja
 26691 | Snake:2  | Killed a nagaraja
 27338 | Snake:3  | Found Ysotulew's Armour Emporium.
 27341 | Snake:3  | Bought the +0 helmet "Poptax" {Dex+7} for 471 gold pieces
 27352 | Snake:3  | Noticed a nagaraja
 27369 | Snake:3  | Killed a nagaraja
 27658 | Snake:3  | Found Gelemeff's Weapon Shop.
 27682 | Snake:3  | Reached XP level 17. HP: 130/135 MP: 21/23
 27696 | Snake:3  | Noticed Nikola
 27935 | Snake:3  | Found Eseil's CLEARANCE SALE!.
 27973 | Snake:3  | Bought a potion of curing for 15 gold pieces
 28130 | Snake:3  | Reached skill level 10 in Invocations
 28166 | Snake:3  | Killed Nikola
 28362 | Snake:3  | Found Boagod's Jewellery Shop.
 28407 | Snake:3  | Found Fotaguaj's Jewellery Shop.
 28408 | Snake:3  | Found Xistamy's Book Shoppe.
 28667 | Snake:4  | Entered Level 4 of the Snake Pit
 28894 | Snake:4  | Noticed Mara
 28906 | Snake:4  | Noticed zamzamzam's illusion
 29102 | Snake:4  | Killed Mara
 29731 | Snake:4  | Noticed a quicksilver dragon
 29731 | Snake:4  | Noticed a quicksilver dragon
 29741 | Snake:4  | Killed a quicksilver dragon
 29752 | Snake:4  | Killed a quicksilver dragon
 29752 | Snake:4  | Enslaved a quicksilver dragon
 29758 | Snake:4  | Got a serpentine rune of Zot
 30538 | Swamp:1  | Entered Level 1 of the Swamp
 30538 | Swamp:1  | Noticed Frances
 30547 | Swamp:1  | Killed Frances
 30702 | Swamp:1  | Noticed Josephine
 30718 | Swamp:1  | Killed Josephine
 30731 | Swamp:1  | Your ally Frances died
 30734 | Swamp:1  | Reached skill level 9 in Shields
 30822 | Swamp:1  | Reached skill level 10 in Shields
 30822 | Swamp:1  | Reached XP level 18. HP: 133/141 MP: 27/27
 31215 | Swamp:2  | Reached skill level 11 in Shields
 31713 | Swamp:3  | Reached skill level 12 in Shields
 32266 | Swamp:4  | Entered Level 4 of the Swamp
 32335 | Swamp:4  | Reached skill level 13 in Shields
 32405 | Swamp:4  | Reached skill level 14 in Shields
 32499 | Swamp:4  | Got a decaying rune of Zot
 32600 | Swamp:4  | Paralysed by a fenstrider witch for 2 turns
 32871 | Elf:1    | Entered Level 1 of the Elven Halls
 32973 | Elf:1    | Reached XP level 19. HP: 115/147 MP: 28/28
 32981 | Elf:1    | Noticed a Tzitzimitl
 33014 | Elf:1    | Reached skill level 15 in Shields
 33878 | Elf:1    | Found a runed translucent gate.
 33878 | Elf:1    | Found a runed translucent gate.
 33878 | Elf:1    | Found a runed translucent gate.
 33878 | Elf:1    | Found a runed translucent gate.
 33878 | Elf:1    | Found a runed translucent gate.
 33882 | Elf:1    | Found a runed translucent gate.
 33893 | Elf:1    | Identified the +0 robe "Xyta" {rF+ Dex+3}
 34452 | Elf:1    | Found a runed translucent gate.
 34452 | Elf:1    | Found a runed translucent gate.
 34452 | Elf:1    | Found a runed translucent gate.
 34452 | Elf:1    | Found a runed translucent gate.
 34452 | Elf:1    | Found a runed translucent gate.
 34455 | Elf:1    | Found a runed translucent gate.
 34632 | Elf:1    | Reached skill level 16 in Shields
 35152 | Elf:2    | Reached skill level 17 in Shields
 35167 | Elf:2    | Paralysed by an air elemental for 1 turns
 35370 | Elf:2    | Found a runed translucent gate.
 35370 | Elf:2    | Found a runed translucent gate.
 35406 | Elf:2    | Found a runed translucent gate.
 36112 | Elf:2    | Reached skill level 18 in Shields
 36734 | Elf:3    | Entered Level 3 of the Elven Halls
 36739 | Elf:3    | Paralysed by an air elemental for 1 turns
 36743 | Elf:3    | Reached XP level 20. HP: 155/155 MP: 29/29
 36839 | Elf:3    | Identified the +9 great sword "Mycu Lurph" {speed, +Blink}
 36923 | Elf:3    | Noticed a Hell Sentinel
 36929 | Elf:3    | Noticed a Brimstone Fiend
 36951 | Elf:3    | Gained mutation: You are dopey. (Int -2) [a cacodemon]
 36954 | Elf:3    | Noticed an Ice Fiend
 36968 | Abyss:3  | Cast into level 3 of the Abyss (a deep elf sorcerer)
 37054 | Abyss:3  | Noticed a dread lich
 37075 | Abyss:3  | Noticed an Ice Fiend
 37076 | Abyss:3  | Noticed an Ice Fiend
 37082 | Abyss:3  | Paralysed by a dread lich for 3 turns
 37084 | Abyss:3  | HP: 6/156 [Ice Fiend[a dread lich] (4)]
 37084 | Abyss:3  | Mangled by an Ice Fiend

Illustrated notes

Levels and vault maps discovered:
D:1:      eino_arrival_cavern_b, layout_rooms,
          dreamdust_ecumenical_altar_statues
D:2:      layout_rooms
D:3:      minmay_razor_zed, layout_basic, elyvilon_altar_3
D:4:      layout_loops_ring, nzn_overflow_gifts_of_might_and_magic,
          nzn_hepliaklqana_mist_gate, kennysheep_small_spiral
D:5:      cheibrodos_helix_gallery, layout_gridville, minmay_temple_entry_hall,
          cheibrodos_sewer_entry_drain, minmay_pentangle
D:6:      layout_rooms, gammafunk_ghost_stat_death,
          hangedman_abyss_or_decor_lesser_grid, minmay_crossroads
D:7:      layout_loops_corners, minitemple, mainiacjoe_overflow_catwalk
D:8:      minmay_bloctagon_deflated, layout_rooms, uniq_pikel, uniq_maggie
D:9:      layout_basic, old_standard_altar, zombieorc2_lemuel, uniq_joseph,
          uniq_harold
D:10:     layout_cave_pools, serial_rivers, chequers_serial_rivers_micro_b,
          chequers_serial_rivers_micro_d, chequers_serial_rivers_micro_c,
          chequers_serial_rivers_room_b, gammafunk_ghost_hive, enter_bailey_8,
          uniq_erica
D:11:     layout_rooms, hellmonk_lair_entry_icy,
          gammafunk_ghost_wrathful_warriors, serial_co_window_serial,
          co_window_corner_a, co_window_paths_b, co_window_corner_a,
          co_window_paths_a, co_window_corner_a, co_window_of_opportunity_b,
          co_window_unsneaky_path_a, co_window_cross_2, co_window_broadway_a,
          co_window_broadway_b, co_window_broadway_b, co_window_paths_d,
          glass_columns_c, glass_columns_a, grunt_ministairs_10,
          nrook_loot_triangle
Temple:   nicolae_temple_bog_church
Lair:1:   layout_long_grid, nicolae_quartered_pool_impasse, uniq_urug
Lair:2:   layout_roguey, nicolae_swamp_entry_spooky,
          minmay_snake_entry_six_corridors
Lair:3:   layout_chaotic_city, grunt_megastairs_2, lemuel_fruit_tree,
          serial_bayou_shore_b, uniq_rupert
Lair:4:   layout_long_grid, grunt_megastairs_5, infiniplex_staircase_pool_2
Lair:5:   wormcave, layout_cellular_growth, hangedman_lair_caniforms_friends,
          slime_entry_1, portal_ice_cave_rime, serial_bayou_shore_b
Swamp:1:  layout_falls_marsh, nicolae_swamp_tree_isthmus, uniq_josephine,
          uniq_frances
Swamp:2:  layout_basic_swamp, evilmike_swamp_ruin_rubble_1, swamp_pool4,
          infiniplex_staircase_pool
Swamp:3:  layout_falls_marsh, nicolae_swamp_some_circles, swamp_pool3,
          ldierk_geyser
Swamp:4:  swamp, layout_basic_swamp, gammafunk_ghost_grave
Snake:1:  layout_chambers, grunt_megastairs_4
Snake:2:  layout_gridlike, special_room, nicolae_integral_box
Snake:3:  layout_onion, serial_shops, nicolae_shop_advertising_works
          [nicolae_subvault_shop_adworks], st_stairs_4, nicolae_stop_n_shop_2,
          drop_trap, nicolae_shop_clearance, minmay_shop_grove, uniq_nikola
Snake:4:  hellmonk_snake_rune_quicksilver_temple, layout_chambers,
          nicolae_snake_yet_another_twisty_hallway, uniq_mara
Orc:1:    layout_caves, serial_shops
Orc:2:    st_orc_rangers, layout_diamond_mine, serial_shops, shop, shop, shop,
          mines2_david
Elf:1:    minmay_elf_crystal_hexagon, layout_gridlike, orc_legates,
          nicolae_elf_glass_and_crystal_pillar_2
Elf:2:    nicolae_elf_blades_splatter_lattice [grunt_blade_entry_basic],
          layout_geoelf_octagon
Elf:3:    minmay_elf_hall_hex, layout_loops_ring, ebering_ghost_inner_flame,
          basic_altar, nicolae_trove_entry_crossroad, serial_shops,
          nicolae_shop_tiny_real_fake_doors
Abyss:3:  base: Orc:1, spicy_abyss_rude_harpoons

Skill      XL: |  1  2  3  4  5  6  7  8  9 10 11 12 13 14 15 16 17 18 19 20 |
---------------+-------------------------------------------------------------+-----
Long Blades    | 3 4 5 6 8 11 13 14 | 14.0
Fighting       | 4 5 8 11 12 13 | 13.3
Armour         | 5 6 8 10 11 | 11.2
Dodging        | 2 5 6 8 10 12 14 | 14.9
Shields        | 6 8 10 14 18 | 18.0
Evocations     | 5 8 10 | 10.8
Invocations    | 8 13 | 13.1

Action                     |  1- 3 |  4- 6 |  7- 9 | 10-12 | 13-15 | 16-18 | 19-21 || total
---------------------------+-------+-------+-------+-------+-------+-------+-------++-------
  Melee: Long sword        |    84 |   144 |   227 |   411 |   812 |   799 |   495 ||  2972
         Scimitar          |       |       |       |       |    14 |    84 |       ||    98
  Throw: Throwing net      |       |       |       |     1 |       |       |       ||     1
 Invoke: Recall Undead Har |       |       |       |       |       |     3 |     2 ||     5
         Dark Bargain      |       |       |       |       |       |     1 |       ||     1
         Bind Soul         |       |       |       |       |       |     1 |     2 ||     3
Ability: Evoke Invisibilit |       |       |       |       |     2 |       |       ||     2
  Evoke: Wand              |       |       |    12 |    10 |     5 |    10 |     2 ||    39
         Phantom mirror    |       |       |       |       |     1 |     2 |     1 ||     4
    Use: Potion            |       |     1 |     1 |     3 |     3 |     1 |    10 ||    19
         Scroll            |       |       |    13 |    12 |     1 |     7 |     6 ||    39
   Stab: Distracted        |       |       |     2 |     2 |    12 |    24 |    12 ||    52
         Sleeping          |       |       |     1 |       |     1 |     3 |       ||     5
         Invisible         |       |       |       |       |     2 |     3 |       ||     5
         Confused          |       |       |       |       |       |     1 |       ||     1
 Armour: Scale mail        |    48 |    59 |    54 |       |       |       |       ||   161
         Plate armour      |       |       |    11 |       |       |       |       ||    11
         Leather armour    |       |       |    10 |       |       |       |       ||    10
         Swamp dragon scal |       |       |     4 |    95 |   175 |   119 |   101 ||   494
  Dodge: Dodged            |    34 |    57 |    88 |   190 |   460 |   690 |   358 ||  1877
         Repelled          |       |       |     2 |     1 |     7 |    31 |    15 ||    56
  Block: Buckler           |    16 |    47 |    77 |   102 |   395 |   251 |       ||   888
         Reflection        |       |       |       |       |     2 |   101 |    55 ||   158
         Kite shield       |       |       |       |       |       |   491 |   539 ||  1030
